 Dungeon Crawl Stone Soup version 0.31.0-9-g3a7656b989 (webtiles) character file.

Game seed: 18047781975866751177

115 Chiseanne the Changeling (level 5, 0/35 HPs)
             Began as an Octopode Shapeshifter on Feb 6, 2024.
             Shot with a sling bullet by a goblin (2 damage)
             ... on level 4 of the Dungeon.
             The game lasted 00:05:01 (2602 turns).

Chiseanne the Changeling (Octopode Shapeshifter)    Turns: 2602, Time: 00:05:01

Health: 0/35       AC:  1    Str: 13    XL:     5   Next: 0%
Magic:  5/5        EV: 14    Int: 15    God:
Gold:   178        SH:  0    Dex: 16    Spells: 4/4 levels left

rFire   . . .        l - +0 dagger (elec)
rCold   . . .        (no shield)
rNeg    . . .        (helmet currently unavailable)
rPois   +            e - amulet of the acrobat
rElec   .            q - ring of Nopyrum {rPois Int+2 Dex+3}
rCorr   .            (no ring)
SInv    .            (no ring)
Will    .....        (no ring)
Stlth   +++          (no ring)
HPRegen 0.25/turn    (no ring)
MPRegen 0.09/turn    (no ring)
                     (no ring)

%: acrobat
@: beast-form
A: beast (slay +2), almost no armour, amphibious, 8 rings, camouflage 1,
gelatinous body 1, (nimble swimmer 1), tentacles
a: Begin Untransformation


You were on level 4 of the Dungeon.
You were a hulking beast.
You visited 1 branch of the dungeon, and saw 4 of its levels.

You collected 178 gold pieces.

Inventory:

Hand Weapons
 j - a +0 war axe of electrocution
 l - a +0 dagger of electrocution (weapon)
Missiles
 h - a throwing net
 k - 42 stones (quivered)
 r - 2 poisoned darts
Jewellery
 e - an amulet of the acrobat (around mantle)
 q - the ring of Nopyrum (left tentacle) {rPois Int+2 Dex+3}
   (You found it on level 3 of the Dungeon)

   [ring of poison resistance]

   Int+2:     It affects your intelligence (+2).
   Dex+3:     It affects your dexterity (+3).
   rPois:     It protects you from poison
Talismans
 b - a beast talisman (active)
 c - a flux talisman
Wands
 n - a wand of charming (5)
Scrolls
 m - a scroll of amnesia
 o - a scroll of teleportation
 p - 2 scrolls of blinking {unknown}
Potions
 a - 4 potions of lignification
 d - 2 potions of heal wounds
 f - 2 potions of haste {unknown}
 g - 2 potions of ambrosia {unknown}
 i - a potion of degeneration {unknown}


   Skills:
 * Level 2.3 Fighting
 * Level 3.0 Dodging
 * Level 3.0 Stealth
 - Level 3.0 Unarmed Combat
 * Level 3.6 Shapeshifting


You had 4 spell levels left.
You didn't know any spells.
Your spell library contained the following spells:

 Spells                   Type           Power      Damage    Failure   Level
 Sandblast                Erth           0%         2d4       26%         1
 Passwall                 Erth           0%         N/A       63%         3
 Stone Arrow              Conj/Erth      0%         3d7       63%         3
 Brom's Barrelling Bould  Conj/Erth      0%         2d3       95%         4


Dungeon Overview and Level Annotations

Branches:
Dungeon (4/15)
 Temple: D:4-7

Altars:

Shops:
D:1 **(?!


Innate Abilities, Weirdness & Mutations

You are a hulking beast.
Your limbs bulge with bestial killing power. (Slay +2)
You cannot wear most types of armour.
You are amphibious.
You can wear up to eight rings at the same time.
Your skin changes colour to match your surroundings (Stealth+).
Your rubbery body absorbs attacks. (AC +1, EV +1)
((You are camouflaged when in or above water. (Stealth+)))
You have tentacles for arms and can constrict up to eight enemies at once.


Message History

An adder comes into view.
The helpless adder fails to defend itself.
You puncture the adder!
You kill the adder!
Your Dodging skill increases to level 3!
Your Stealth skill increases to level 3!
You have reached level 5!
You feel clever.
You see here 2 scrolls labelled SOZUM UC TOATT.
p - 2 scrolls labelled SOZUM UC TOATT The ogre hits you with a +0 giant spiked club!!
Ouch! That really hurt!
* * * LOW HITPOINT WARNING * * *
The ogre attacks as it pursues you! The ogre misses you.
As you read the scroll of teleportation, it crumbles to dust.
You feel strangely unstable. The ogre attacks as it pursues you!
The ogre closely misses you. The ogre attacks as it pursues you!
The ogre completely misses you.
Your surroundings suddenly seem different.
Found 7 gold pieces.
A goblin comes into view. It is wielding a +0 dagger.
Found a scroll labelled HAFISU ZODE.
The goblin shouts!
You hear a shout!
The goblin unwields a +0 dagger.
The goblin wields a +0 sling.
The goblin shoots a sling bullet.
The sling bullet misses you.
A hobgoblin comes into view.
The goblin shoots a sling bullet.
The sling bullet completely misses you. The hobgoblin closely misses you.
The goblin shoots a sling bullet.
The sling bullet hits you.
* * * LOW HITPOINT WARNING * * *
You closely miss the hobgoblin. You grab the hobgoblin.
You constrict the hobgoblin, but do no damage.
The hobgoblin hits you.
* * * LOW HITPOINT WARNING * * *
The goblin shoots a sling bullet.
The sling bullet closely misses you.
You hit the hobgoblin.
Lightning courses through the hobgoblin!
You kill the hobgoblin!
The goblin shoots a sling bullet.
The sling bullet hits you.
You die...

..#..# #.#.# #####
#.#..# #.#..
...###.#..# #.###
#.#...#..# #....
######........# #....
#.g....#.####.# #.#..
#.#........##.###.#.#
#....#.#.#.#.....O..#
#..†h....#.#..###...#
......$...#.#
#........#
..##........#
##.......#
#..#......# ###>..#.#
#......?.... #...#.#
#####.......# #...#.#
#.......# #...#.#
.........


You could see a goblin.

Vanquished Creatures
  A gnoll (D:1)
  4 adders
  5 dart slugs
  A ribbon worm (D:2)
  3 bats
  3 endoplasms
  5 giant cockroaches
  6 hobgoblins
  4 jackals (D:2)
  6 quokkas
  6 ball pythons
  3 frilled lizards (D:1)
  3 goblins
  3 kobolds
  7 rats
60 creatures vanquished.

Notes
Turn   | Place    | Note
-------+----------+-------------------------------------------
     0 | D:1      | Chiseanne the Octopode Shapeshifter began the quest for the
                  | Orb.
     0 | D:1      | Reached XP level 1. HP: 13/13 MP: 1/1
    83 | D:1      | Found Ziaxarej's Distillery.
   163 | D:1      | Found Ujapatwi's Antique Weapon Emporium.
   172 | D:1      | Reached skill level 1 in Stealth
   172 | D:1      | Reached XP level 2. HP: 18/18 MP: 2/2
   327 | D:1      | Found Tesos's Assorted Antiques.
   329 | D:1      | Found Kuely's General Store.
   343 | D:1      | Reached XP level 3. HP: 19/23 MP: 3/3
   458 | D:1      | Found Mibrirch's Magic Scroll Shoppe.
   886 | D:2      | Reached XP level 4. HP: 23/29 MP: 4/4
  1029 | D:2      | Found a faded altar of an unknown god.
  1982 | D:3      | Identified the ring of Nopyrum {rPois Int+2 Dex+3}
  2471 | D:4      | Noticed an ogre
  2577 | D:4      | Reached XP level 5. HP: 35/35 MP: 5/5
  2602 | D:4      | Shot with a sling bullet by a goblin

Illustrated notes

Levels and vault maps discovered:
D:1:      sevenhm_arrival_forest_fort_small_3, layout_loops_ring, serial_shops,
          nicolae_shop_waterfront, shop, shop, shop, shop
D:2:      layout_basic, chequers_ecumenical_altar_grove, minmay_pentomino_s4
D:3:      layout_loops_corners, minmay_misc_feat_pillars
D:4:      layout_basic, grunt_temple_overflow_champion_of_chaos,
          minmay_misc_feat_four_crosses

Skill      XL: |  1  2  3  4 |
---------------+-------------+-----
Stealth        | 1 2 3 |  3.0
Fighting       | 2 |  2.3
Dodging        | 3 |  3.0
Unarmed Combat | |  3.0
Shapeshifting  | |  3.6

Action                     |  1- 3 |  4- 6 || total
---------------------------+-------+-------++-------
  Melee: Unarmed           |    53 |     7 ||    60
         Tentacles         |    12 |     4 ||    16
         Constrict         |    18 |    11 ||    29
         Punch             |     5 |     1 ||     6
         Dagger            |       |    36 ||    36
    Use: Scroll            |     3 |     5 ||     8
   Stab: Sleeping          |    16 |     9 ||    25
 Armour: Skin              |    16 |    15 ||    31
  Dodge: Dodged            |    37 |    25 ||    62
   Form: Beast             |     1 |       ||     1
